AoeStats
← BenitoCamela

MegaRandom

507835075Analyzed
2v2 RM · 13d ago on Sep 19, 2026· 27m 28s· 4 players
Game mode
Random Map
Map size
Medium (4 player)
Population
200
Speed
Normal
Resources
Standard
Victory
Conquest
Starting age
Dark Age
Ending age
Imperial Age
RankedLock teamsTeams togetherTeam positionsShared explorationLock speedFull tech treeHidden civsTurbo modeCheats
Victory
Defeat
🇪🇸 Maya · Spain
735
+15
🇺🇸 Armenians · United States
644
+20
🇺🇸 Japanese · United States
731
-18
🇦🇷 Britons · Argentina
702
-17
Osibexe
11:41 Feudal Age
15:25 Double-Bit Axe
19:58 Castle Age
21:04 Man-at-Arms
22:33 Scale Mail Armor
25:43 Long Swordsman
26:38 Forging
BenitoCamela
12:47 Feudal Age
14:13 Wheelbarrow
13:25 Double-Bit Axe
17:16 Gold Mining
19:51 Fishing Lines
20:09 Fletching
20:20 Padded Archer Armor
27:10 Castle Age
26:13 Stone Mining
AnarchistOwl
0:40 Loom
14:32 Feudal Age
15:52 Double-Bit Axe
16:14 Man-at-Arms
16:58 Long Swordsman
18:06 Arson
19:13 Wheelbarrow
18:24 Town Watch
19:21 Scale Mail Armor
19:32 Forging
19:52 Fletching
20:57 Stone Mining
25:25 Castle Age
25:18 Gold Mining
25:26 Two-Handed Swordsman
26:42 Hand Cart
26:16 Gambesons
27:39 Chain Mail Armor
ander.bioesc
0:35 Loom
12:26 Feudal Age
20:33 Castle Age
19:49 Fletching
20:24 Forging
20:40 Double-Bit Axe
22:34 Gold Mining
24:35 Elite Skirmisher
26:26 Padded Archer Armor
Connection lost

Rejoining the realm…

Still unreachable

The connection could not be restored.

Session expired

The server has moved on; the page needs a fresh start.